 Dungeon Crawl Stone Soup version 0.28.0-53-g5a82cb258f (webtiles) character file.

Game seed: 17095480989939864914

1225 safid the Cleaver (level 8, 0/62 (66) HPs)
             Began as a Hill Orc Fighter on Aug 7, 2022.
             Slain by an ogre
             ... wielding a +0 giant club
              (9 damage)
             ... on level 6 of the Dungeon.
             The game lasted 00:05:48 (5933 turns).

safid the Cleaver (Hill Orc Fighter)                Turns: 5933, Time: 00:05:49

HP:   0/62 (66)     AC:  9    Str: 21    XL:     8   Next: 47%
MP:   8/8           EV:  7    Int:  8    God:
Gold: 100           SH:  4    Dex: 10    Spells: 7/7 levels left

rFire   . . .      SeeInvis .   a - +0 war axe
rCold   . . .      Faith    .   c - +0 buckler
rNeg    . . .      Spirit   .   j - +0 chain mail
rPois   .          Reflect  .   (no helmet)
rElec   .          Harm     .   (no cloak)
rCorr   .          Rampage  .   (no gloves)
Will    +....                   (no boots)
Stlth   ..........              (no amulet)
HPRegen 0.20/turn               e - ring of willpower
MPRegen 0.11/turn               (no ring)

@: drained
A: no striking features
a: no special abilities


You were on level 6 of the Dungeon.
You visited 1 branch of the dungeon, and saw 6 of its levels.

You collected 226 gold pieces.
You spent 126 gold pieces at shops.

Inventory:

Hand Weapons
 a - a +0 war axe (weapon)
Missiles
 g - 4 silver boomerangs (quivered)
 k - 15 poisoned darts
Armour
 c - a +0 buckler (worn)
 j - a +0 chain mail (worn)
Jewellery
 e - a ring of willpower (left hand)
 t - a ring of fire
Scrolls
 b - 3 scrolls of blinking
 h - 3 scrolls of amnesia
 i - a scroll of enchant armour {unknown}
 m - a scroll of teleportation {unknown}
 n - a scroll of fog {unknown}
 o - 2 scrolls of enchant weapon
 p - a scroll of brand weapon {unknown}
 q - 2 scrolls of fear
 r - a scroll of magic mapping
 u - a scroll of identify
Potions
 d - a potion of curing {unknown}
 f - a potion of attraction {unknown}
 l - 2 potions of mutation
 s - a potion of heal wounds {unknown}


   Skills:
 - Level 4.0 Fighting
 + Level 12.4 Axes
 - Level 4.0 Armour
 - Level 4.0 Shields


You had 7 spell levels left.
You didn't know any spells.
Your spell library contained the following spells:

 Spells                   Type           Power      Damage    Failure   Level
 Sublimation of Blood     Necr           0%         N/A       100%        2
 Wereblood                Tmut           0%         N/A       100%        2
 Ignite Poison            Fire/Tmut/Pois 0%         N/A       100%        3
 Mephitic Cloud           Conj/Pois/Air  0%         N/A       100%        3
 Fireball                 Conj/Fire      0%         3d3       100%        5
 Freezing Cloud           Conj/Ice/Air   0%         6-21      100%        5
 Conjure Ball Lightning   Conj/Air       0%         3x3d6     100%        6
 Iron Shot                Conj/Erth      0%         9d1       100%        6
 Summon Hydra             Summ           0%         N/A       100%        7


Dungeon Overview and Level Annotations

Branches:
Dungeon (6/15)
 Temple: D:4-7

Altars:
Vehumet
Beogh

Shops:
D:5 ?   D:6 [

Annotations:
D:5 3 runed translucent doors, Barsook's ghost, amateur DsBe


Message History

The necrophage is heavily damaged.
You hit the ogre. You block the ogre's attack.
The necrophage hits you but does no damage.
You closely miss the necrophage.
The necrophage is heavily damaged.
You hit the ogre.
The necrophage hits you but does no damage.
You hit the necrophage but do no damage.
The necrophage is heavily damaged.
You closely miss the ogre. The ogre barely misses you.
You closely miss the necrophage.
The necrophage is heavily damaged.
You barely miss the ogre. The necrophage barely misses you.
The ogre hits you with a +0 giant club!!
You closely miss the necrophage.
The necrophage is heavily damaged.
You slash the ogre! The necrophage hits you.
You feel drained.
You barely miss the ogre.
The ogre is heavily wounded.
You closely miss the necrophage. The ogre closely misses you.
The necrophage hits you.
You feel drained.
You are too injured to fight recklessly!
You are too injured to fight recklessly!
You are too injured to fight recklessly!
You are too injured to fight recklessly!
You are too injured to fight recklessly!
Unknown command.
You are too injured to fight recklessly!
You hit the ogre.
The ogre is severely wounded.
You closely miss the necrophage. The necrophage hits you.
You feel drained.
The ogre hits you with a +0 giant club!!
* * * LOW HITPOINT WARNING * * *
Unknown command.
You barely miss the ogre.
The ogre is severely wounded.
You slash the necrophage!
The necrophage hits you but does no damage.
The ogre hits you with a +0 giant club!
You die...

##.
...#.#...######.##
# ##.....####.#
### ...
.#...........##
...
......###..#..##
...
#..........#...#
.. ..............#
. #....##.###### .
...#..O.#..#....#
#
......n@<.......#
................#
................#
....#..........##
... #...........#
.# ............##
.#.(....#.$.##
#......#....


You could see an ogre and a necrophage.

Vanquished Creatures
  Sigmund (D:5)
  An ice beast (D:6)
  An ogre (D:5)
  2 centaurs (D:6)
  A phantom (D:4)
  3 scorpions (D:6)
  A hound (D:4)
  A centaur zombie (D:5)
  A gnoll shaman (D:4)
  2 jellies
  A bullfrog skeleton (D:5)
  A centaur skeleton (D:6)
  2 iguanas
  A hound skeleton (D:5)
  5 gnolls (D:4)
  5 adders
  3 worms
  A dart slug (D:5)
  8 orcs
  9 ball pythons
  7 bats
  3 endoplasms
  3 giant cockroaches
  6 hobgoblins
  4 jackals (D:1)
  4 quokkas
  A frilled lizard (D:2)
  6 goblins
  7 kobolds
  24 rats
115 creatures vanquished.

Notes
Turn   | Place    | Note
-------+----------+-------------------------------------------
     0 | D:1      | safid the Hill Orc Fighter began the quest for the Orb.
     0 | D:1      | Reached XP level 1. HP: 19/19 MP: 1/1
    61 | D:1      | Found a roughly hewn altar of Beogh.
    61 | D:1      | Noticed an orc wizard
    61 | D:1      | Noticed an orc wizard
    61 | D:1      | Noticed an orc warrior
    63 | D:1      | Noticed an orc priest
    65 | D:1      | Reached skill level 3 in Axes
    65 | D:1      | Reached XP level 2. HP: 27/27 MP: 2/2
   326 | D:1      | Found a faded altar of an unknown god.
   408 | D:1      | Reached XP level 3. HP: 33/33 MP: 3/3
  1393 | D:2      | Identified the +0 leather armour of the Ten of Swords
                  | {-Tele rElec rC+ Int+6}
  1480 | D:2      | Reached XP level 4. HP: 37/40 MP: 4/4
  1616 | D:3      | Reached skill level 4 in Axes
  1716 | D:3      | Got the Collected Works on Battle Magic
  2287 | D:3      | Reached skill level 5 in Axes
  2584 | D:4      | Reached XP level 5. HP: 38/46 MP: 5/5
  2677 | D:4      | Noticed a phantom
  2686 | D:4      | Killed a phantom
  2687 | D:4      | Reached skill level 6 in Axes
  2826 | D:4      | Reached XP level 6. HP: 52/52 MP: 6/6
  2832 | D:4      | Reached skill level 7 in Axes
  4079 | D:5      | Entered Level 5 of the Dungeon
  4079 | D:5      | Found Gewiah's Magic Scroll Shop.
  4083 | D:5      | Bought a scroll of fear for 49 gold pieces
  4083 | D:5      | Bought a scroll of magic mapping for 49 gold pieces
  4083 | D:5      | Bought a scroll of identify for 28 gold pieces
  4142 | D:5      | Found a runed translucent gate.
  4160 | D:5      | Found a runed translucent gate.
  4165 | D:5      | Noticed Barsook's ghost (amateur DsBe)
  4205 | D:5      | Reached skill level 8 in Axes
  4484 | D:5      | Reached XP level 7. HP: 54/59 MP: 7/7
  4556 | D:5      | Noticed Sigmund
  4564 | D:5      | Killed Sigmund
  4565 | D:5      | Reached skill level 9 in Axes
  4706 | D:5      | Reached skill level 10 in Axes
  4787 | D:5      | Found a runed translucent gate.
  4955 | D:5      | Found a radiant altar of Vehumet.
  5287 | D:6      | Reached XP level 8. HP: 23/66 MP: 8/8
  5292 | D:6      | Reached skill level 11 in Axes
  5770 | D:6      | Reached skill level 12 in Axes
  5811 | D:6      | Found Waeblif's Armour Shoppe.
  5933 | D:6      | Slain by an ogre

Illustrated notes

Levels and vault maps discovered:
D:1:      erik_arrival_cave_to_civilisation [erik_arrival_cave_to_temple],
          layout_loops_ring, ebering_ecumenical_altar_hall,
          minmay_misc_feat_roman
D:2:      layout_basic
D:3:      layout_basic, st_stairs_13, minmay_rat_hole
D:4:      layout_layer_cave, minivault_1, chequers_serial_rivers_marsh
D:5:      layout_loops_ring, mainiacjoe_overflow_small_starburst, serial_shops,
          nicolae_shop_hallway_stairs, gammafunk_ghost_split, minivault_24,
          uniq_sigmund
D:6:      layout_cave_pools, grunt_temple_overflow_diamond, serial_shops, shop

Skill      XL: |  1  2  3  4  5  6  7  8 |
---------------+-------------------------+-----
Axes           | 3 5 6 8 10 12 | 12.4
Fighting       | 4 |  4.0
Armour         | 4 |  4.0
Shields        | 4 |  4.0

Action                   |  1- 3 |  4- 6 |  7- 9 || total
-------------------------+-------+-------+-------++-------
Melee: War axe           |   116 |   165 |    69 ||   350
  Use: Potion            |       |       |     1 ||     1
       Scroll            |       |       |     4 ||     4
Armor: Scale mail        |    55 |       |       ||    55
       Chain mail        |    11 |    71 |    33 ||   115
Dodge: Dodged            |    53 |    53 |    22 ||   128
Block: Buckler           |    36 |    43 |     8 ||    87
